 Dungeon Crawl Stone Soup version 0.31-a0-460-g9e667d4245 (webtiles) character file.

Game seed: 3893820975488387930

2233 Newt the Mimic (level 9, -3/74 HPs)
             Began as a Purple Draconian Shapeshifter on Aug 4, 2023.
             Was a Priest of Okawaru.
             Slain by an orc warrior
             ... wielding a +0 trident
              (5 damage)
             ... on level 8 of the Dungeon.
             The game lasted 00:06:31 (7366 turns).

Newt the Mimic (Purple Draconian Shapeshifter)      Turns: 7366, Time: 00:06:31

Health: -3/74      AC:  7    Str: 23    XL:     9   Next: 14%
Magic:  9/9        EV: 13    Int:  8    God:    Okawaru [***...]
Gold:   456        SH:  5    Dex: 11    Spells: 8/8 levels left

rFire   + . .        y - +4 great sword
rCold   + . .        (shield currently unavailable)
rNeg    . . .        (body armour unavailable)
rPois   .            (helmet currently unavailable)
rElec   .            (cloak currently unavailable)
rCorr   .            (gloves currently unavailable)
SInv    +            (boots currently unavailable)
Will    +....        s - amulet of reflection
Stlth   +            k - ring "Vith" {rF+ SInv}
HPRegen 0.32/turn    i - ring of protection from cold
MPRegen 0.11/turn

%: reflection
@: beast-form
A: beast (slay +5), breathe power, AC +7, unfitting armour, cold-blooded
a: Breathe Dispelling Energy, Begin Untransformation, Renounce Religion, Heroism


You were on level 8 of the Dungeon.
You worshipped Okawaru.
Okawaru was most pleased with you.
You were a hulking beast.
You visited 2 branches of the dungeon, and saw 9 of its levels.

You collected 456 gold pieces.

Inventory:

Hand Weapons
 h - a +0 mace
 j - a +0 dagger of speed
 m - a +2 dagger of speed
 y - a +4 great sword (weapon)
Missiles
 F - 6 boomerangs
Armour
 D - a +0 cloak
Jewellery
 i - a ring of protection from cold (right hand)
 k - the ring "Vith" (left hand) {rF+ SInv}
   (You found it on level 2 of the Dungeon)

   [ring of see invisible]

   rF:        It protects you from fire.
   SInv:      It lets you see invisible.
 p - a ring of magical power
 s - an amulet of reflection (around neck)
 C - an amulet of magic regeneration
Talismans
 b - a beast talisman (active)
Wands
 q - a wand of light (6)
 w - a wand of flame (24)
 z - a wand of paralysis (15)
Scrolls
 d - a scroll of vulnerability
 f - 3 scrolls of poison
 g - 2 scrolls of fog
 l - a scroll of silence
 t - 2 scrolls of torment
 v - a scroll of fear
 G - a scroll of identify
Potions
 a - 2 potions of lignification
 c - a potion of attraction
 e - a potion of magic {unknown}
 n - 2 potions of enlightenment
 o - a potion of cancellation
 u - a potion of invisibility
 x - a potion of brilliance {unknown}
 A - 2 potions of heal wounds {unknown}
 B - 2 potions of degeneration {unknown}
 E - a potion of berserk rage {unknown}


   Skills:
 - Level 5.0 Fighting
 - Level 4.0 Long Blades
 - Level 5.0 Dodging
 - Level 3.0 Unarmed Combat
 + Level 8.2 Shapeshifting


You had 8 spell levels left.
You didn't know any spells.
Your spell library contained the following spells:

 Spells                   Type           Power      Damage    Failure   Level
 Magic Dart               Conj           0%         1d3       41%         1
 Poisonous Vapours        Pois/Air       0%         N/A       54%         2
 Searing Ray              Conj           0%         2d4       54%         2
 Gell's Gravitas          Tloc           0%         N/A       78%         3
 Mephitic Cloud           Conj/Pois/Air  0%         N/A       78%         3
 Teleport Other           Tloc           0%         N/A       78%         3
 Fulminant Prism          Conj/Hex       0%         3d5       99%         4
 Freezing Cloud           Conj/Ice/Air   0%         6-21      100%        5
 Dispersal                Tloc           0%         N/A       100%        6


Dungeon Overview and Level Annotations

Branches:
Dungeon (8/15)             Temple (1/1) D:4            Lair (0/5) D:8

Altars:
Ashenzari
Cheibriados
Dithmenos
Elyvilon
Fedhas
Gozag
Hepliaklqana
Kikubaaqudgha
Makhleb
Nemelex Xobeh
Okawaru
Qazlal
Ru
Sif Muna
Trog
Uskayaw
Vehumet
Wu Jian
Xom
Yredelemnul
Zin
The Shining One


Innate Abilities, Weirdness & Mutations

You are a hulking beast.
Your limbs bulge with bestial killing power. (Slay +5)
You can breathe bolts of dispelling energy.
Your rich purple scales are hard. (AC +7)
You cannot fit into any form of body armour.
You are cold-blooded and may be slowed by cold attacks.


Message History

The orc priest hits you but does no damage.
You completely miss the orc priest.
The orc priest is heavily wounded.
You block the orc priest's attack. You block the orc's attack.
The orc warrior hits you from afar with a +0 trident.
Unknown command.
The orc priest begins to cast a cantrip, but forgets the words!
Unknown command.
You slash the orc!
You kill the orc!
Okawaru accepts your kill. The orc warrior closely misses you.
The orc priest mumbles some strange prayers to Beogh against you.
Beogh smites you! You block the orc warrior's attack.
Unknown command.
You slash the orc priest!
You kill the orc priest!
Okawaru accepts your kill.
The orc warrior hits you from afar with a +0 trident!
* * * LOW HITPOINT WARNING * * *
Unknown command.
The orc warrior hits you with a +0 trident.
* * * LOW HITPOINT WARNING * * *
There is an open door, spattered with blood here.
Items here: )) [[.
You slash the orc warrior!
The orc warrior is heavily wounded.
You block the orc warrior's attack. The orc warrior completely misses you.
Unknown command.
You feel better.
The orc warrior hits you with a +0 trident!
* * * LOW HITPOINT WARNING * * *
Aiming: Bolt of Light
Press: ? - help, Shift-Dir - straight line, f - orc warrior
Aim: an orc warrior, wielding a +0 trident and wearing a +0 plate armour (heavily wounded, 71% to hit)
The bolt of light hits the orc warrior!
The orc warrior is almost dead.
The orc warrior is blinded.
The orc warrior hits you with a +0 trident.
You die...

#(#####.###.## #.# ###### #.. #.#
#.# #.# #..... ##> #.# #.# #.#
#...#' ## #.###+####.#### #...#_
#.##..........# #...##
#########.##...$......# #.....
..........##.(........# #.....
############..........######.....
#####h####......'.....
#o.)..#.######..... #..##.#.#
###### #..# #.# #..# #.# #... ...
#.## #.# #. #.


You could see an orc warrior (blind).

Vanquished Creatures
  A wyvern (D:6)
  2 steam dragons
  A water moccasin (D:7)
  An ice beast (D:6)
  An orc warrior (D:7)
  3 sky beasts
  3 ogres
  A bullfrog (D:6)
  2 scorpions
  5 wights
  A howler monkey (D:6)
  2 hounds (D:5)
  3 orc priests
  Crazy Yiuf (D:6)
  Jessica (D:2)
  2 iguanas (D:6)
  A sleepcap (D:7)
  Terence (D:3)
  2 orc wizards
  Robin (D:2)
  9 adders
  5 worms
  4 dart slugs
  14 orcs
  6 bats
  4 endoplasms
  16 goblins
  10 hobgoblins
  3 jackals (D:4)
  3 kobolds
  2 quokkas
  7 ball pythons
  4 frilled lizards
  9 rats
131 creatures vanquished.

Notes
Turn   | Place    | Note
-------+----------+-------------------------------------------
     0 | D:1      | Newt the Draconian Shapeshifter began the quest for the
                  | Orb.
     0 | D:1      | Reached XP level 1. HP: 16/16 MP: 1/1
   336 | D:1      | Reached XP level 2. HP: 25/25 MP: 2/2
   960 | D:2      | Reached XP level 3. HP: 31/31 MP: 3/3
  1481 | D:2      | Noticed Jessica
  1488 | D:2      | Killed Jessica
  1489 | D:2      | Reached XP level 4. HP: 24/38 MP: 4/4
  1558 | D:2      | Noticed Robin
  1578 | D:2      | Killed Robin
  1579 | D:2      | Reached skill level 4 in Shapeshifting
  1614 | D:2      | Identified the ring "Vith" {rF+ SInv}
  1735 | D:3      | Found a faded altar of an unknown god.
  1906 | D:3      | Noticed Terence
  1922 | D:3      | Killed Terence
  1923 | D:3      | Reached XP level 5. HP: 38/45 MP: 5/5
  2466 | D:3      | Found a burning altar of Makhleb.
  2588 | D:4      | Identified a scroll of acquirement
  2588 | D:4      | Acquired an amulet of reflection
  2639 | D:4      | Found a staircase to the Ecumenical Temple.
  2658 | D:4      | Found a white marble altar of Elyvilon.
  2679 | Temple   | Entered the Ecumenical Temple
  2698 | Temple   | Became a worshipper of Warmaster Okawaru
  2797 | D:4      | Reached skill level 5 in Shapeshifting
  2865 | D:4      | Noticed an ogre
  2873 | D:4      | Killed an ogre
  2874 | D:4      | Reached XP level 6. HP: 15/51 MP: 6/6
  3117 | D:4      | Noticed a +0 hand axe
  3117 | D:4      | Noticed a +0 dagger
  3118 | D:4      | Found a hide-covered altar of Uskayaw.
  3520 | D:5      | Entered Level 5 of the Dungeon
  3603 | D:5      | Reached * piety under Okawaru
  3604 | D:5      | Reached skill level 6 in Shapeshifting
  3904 | D:4      | Your scales start taking on a rich purple colour.
  3904 | D:4      | Reached XP level 7. HP: 12/57 MP: 7/7
  4265 | D:4      | Reached skill level 7 in Shapeshifting
  4407 | D:5      | Reached skill level 1 in Long Blades
  4494 | D:5      | Found an ancient bone altar of Kikubaaqudgha.
  4560 | D:5      | Reached ** piety under Okawaru
  5064 | D:6      | Noticed a wyvern
  5068 | D:6      | Killed a wyvern
  5069 | D:6      | Reached XP level 8. HP: 67/67 MP: 8/8
  5107 | D:6      | Reached skill level 5 in Fighting
  5973 | D:6      | Found a runed translucent door.
  5974 | D:6      | Noticed Crazy Yiuf
  5978 | D:6      | Killed Crazy Yiuf
  6025 | D:7      | Reached skill level 5 in Dodging
  6221 | D:7      | Reached *** piety under Okawaru
  6263 | D:7      | Reached XP level 9. HP: 27/74 MP: 9/9
  7064 | D:8      | Reached skill level 8 in Shapeshifting
  7282 | D:8      | Found a staircase to the Lair.
  7329 | D:8      | Found a snail-covered altar of Cheibriados.
  7365 | D:8      | HP: 2/74 [orc warrior/+0 trident (15)]
  7366 | D:8      | Slain by an orc warrior

Illustrated notes

Levels and vault maps discovered:
D:1:      dpeg_arrival_arbitrary_c, layout_loops_ring, serial_rivers,
          chequers_serial_rivers_micro_a, chequers_serial_rivers_large_a,
          chequers_serial_rivers_room_b, chequers_serial_rivers_room_b
D:2:      layout_basic, uniq_jessica, uniq_robin
D:3:      layout_basic, mainiacjoe_overflow_brackets,
          shapermc_ecumenical_altar_acropolis, minmay_fractal_squares_5,
          uniq_terence
D:4:      layout_basic, elyvilon_altar_5, dancing_weapons_uskayaw,
          minmay_temple_entry_hall
D:5:      layout_cave_pools, mainiacjoe_overflow_tiny_flanked,
          grunt_decor_resistance
D:6:      layout_cave_pods, uniq_crazy_yiuf_cottage
D:7:      layout_loops_cross
D:8:      layout_basic, kennysheep_mini, lair_entry_dummy, enter_bailey_5
Temple:   minmay_crystal_spiral_temple

Skill      XL: |  1  2  3  4  5  6  7  8  9 |
---------------+----------------------------+-----
Fighting       | 2 3 4 5 |  5.0
Shapeshifting  | 4 5 6 7 8 |  8.2
Long Blades    | 4 |  4.0
Dodging        | 5 |  5.0
Unarmed Combat | |  3.0

Action                     |  1- 3 |  4- 6 |  7- 9 || total
---------------------------+-------+-------+-------++-------
  Melee: Unarmed           |    65 |       |       ||    65
         Tailslap          |     6 |    28 |    15 ||    49
         Mace              |     6 |    23 |       ||    29
         Punch             |     2 |     7 |       ||     9
         Dagger            |       |   177 |    14 ||   191
         Great sword       |       |       |    95 ||    95
Ability: Breathe Dispellin |       |       |     2 ||     2
  Evoke: Wand              |       |       |     1 ||     1
    Use: Scroll            |     4 |     8 |     4 ||    16
         Potion            |       |       |     1 ||     1
   Stab: Sleeping          |       |     1 |     1 ||     2
 Armour: Skin              |    17 |    34 |    23 ||    74
  Dodge: Dodged            |    42 |    92 |    62 ||   196
  Block: Other             |       |    19 |    43 ||    62
         Reflection        |       |     1 |       ||     1

Table legend: (Time is in decaauts)
 A = Elapsed time spent in this place.
 B = Non-inter-level travel time spent in this place.
 C = Inter-level travel time spent in this place.
 D = Time resting spent in this place.
 E = Time spent auto-exploring this place.
 F = Levels seen in this place.
 G = Mean time per level.
                   A        B        C        D        E       F      G
               +--------+--------+--------+--------+--------+-----+--------+
         Total |   7382 |   7016 |    366 |   1358 |   4614 |   9 |  820.2 |
       Dungeon |   7343 |   7015 |    328 |   1358 |   4614 |   8 |  917.9 |
        Temple |     38 |      1 |     37 |      0 |      0 |   1 |   38.0 |
               +--------+--------+--------+--------+--------+-----+--------+

Top non-repeatable levels by time:
     D:4: 1448 daAuts
     D:6: 1039 daAuts
     D:7: 996 daAuts
     D:2: 965 daAuts
     D:5: 910 daAuts
     D:3: 843 daAuts
     D:1: 774 daAuts
     D:8: 364 daAuts
  Temple: 38 daAuts
